 Dungeon Crawl Stone Soup version 0.27.1-4-g1640c2035a (webtiles) character file.

Game seed: 7809402254897296163

837 raph the Spear-Bearer (level 7, -4/52 HPs)
             Began as a Merfolk Gladiator on Nov 7, 2021.
             Was a Follower of Yredelemnul.
             Engulfed by a cloud of flame (7 damage)
             ... on level 5 of the Dungeon.
             The game lasted 00:11:00 (6526 turns).

raph the Spear-Bearer (Merfolk Gladiator)           Turns: 6526, Time: 00:11:01

Health: -4/52      AC: 11    Str: 20    XL:     7   Next: 99%
Magic:  7/7        EV: 29    Int:  8    God:    Yredelemnul [*.....]
Gold:   336        SH:  0    Dex: 17    Spells: 6/6 levels left

rFire    . . .     SeeInvis .   w - +0 glaive
rCold    . . .     Faith    .   (shield currently unavailable)
rNeg     . . .     Spirit   .   A - +3 leather armour
rPois    .         Reflect  .   c - +0 helmet
rElec    .         Harm     .   i - +1 cloak
rCorr    .         Rampage  .   (no gloves)
Will     +....                  q - +1 pair of boots
Stlth    +.........             g - amulet of the acrobat
HPRegen  0.17/turn              t - ring of willpower
MPRegen  0.10/turn              v - +6 ring of strength

@: acrobatic
A: (nimble swimmer 2), mertail
a: Renounce Religion, Animate Remains


You were on level 5 of the Dungeon.
You worshipped Yredelemnul.
Yredelemnul was aware of your devotion.
You visited 2 branches of the dungeon, and saw 6 of its levels.

You collected 336 gold pieces.

Inventory:

Hand Weapons
 a - a +1 trident
 w - a +0 glaive (weapon)
Missiles
 d - 3 throwing nets
 u - 8 boomerangs (quivered)
Armour
 b - a +0 leather armour
 c - a +0 helmet (worn)
 i - a +1 cloak (worn)
 l - a +0 kite shield
 o - a +0 chain mail
 q - a +1 pair of boots (worn)
 A - a +3 leather armour (worn)
Jewellery
 f - a ring of protection from cold
 g - an amulet of the acrobat (around neck)
 t - a ring of willpower (left hand)
 v - a +6 ring of strength (right hand)
 y - an amulet of faith
 D - a ring of positive energy
 E - a +6 ring of strength
Wands
 s - a wand of paralysis (7)
 x - a wand of iceblast (20)
Scrolls
 m - 3 scrolls of teleportation
Potions
 e - a potion of heal wounds
 h - a potion of brilliance
 j - a potion of cancellation {unknown}
 k - 3 potions of flight
 n - 2 potions of mutation
 p - 2 potions of curing {unknown}
 r - 2 potions of might {unknown}
 z - 2 potions of attraction
 B - 2 potions of ambrosia {unknown}
 C - a potion of degeneration {unknown}


   Skills:
 - Level 3.3 Fighting
 + Level 11.9 Polearms
 - Level 2.0 Throwing
 - Level 5.1 Dodging


You had 6 spell levels left.
You didn't know any spells.
Your spell library contained the following spells:

 Spells                   Type           Power      Damage    Failure   Level
 Sandblast                Erth           0%         2d4       45%         1
 Passwall                 Tmut/Erth      0%         N/A       61%         2
 Slow                     Hex            0%         N/A       61%         2
 Confusing Touch          Hex            0%         N/A       83%         3
 Ignite Poison            Fire/Tmut/Pois 0%         N/A       83%         3
 Mephitic Cloud           Conj/Pois/Air  0%         N/A       83%         3
 Ozocubu's Armour         Ice            0%         N/A       83%         3
 Vampiric Draining        Necr           0%         2d6       83%         3
 Bolt of Magma            Conj/Fire/Erth 0%         4d4       100%        5
 Lee's Rapid Deconstruct  Erth           0%         3d5*      100%        5
 Ozocubu's Refrigeration  Ice            0%         4d5       100%        7


Dungeon Overview and Level Annotations

Branches:
Dungeon (5/15)             Temple (1/1) D:4

Altars:
Cheibriados
Dithmenos
Gozag
Hepliaklqana
Kikubaaqudgha
Makhleb
Okawaru
Qazlal
Ru
Sif Muna
Trog
Uskayaw
Wu Jian
Xom
Yredelemnul
The Shining One

Annotations:
D:2 1 runed translucent door, Crazy Yiuf


Innate Abilities, Weirdness & Mutations

((You are quick and stealthy near water. (Stealth+, EV+, Speed+++)))
Your lower body shifts to a powerful aquatic tail in water.


Message History

Your orc zombie hits the gnoll with a +0 hand axe.
You could not reach far enough!
The gnoll hits you but does no damage.
Your orc zombie hits the gnoll with a +0 hand axe.
You could not reach far enough!
The gnoll hits your orc zombie with a +0 spear.
Your orc zombie hits the gnoll with a +0 hand axe.
The gnoll dies!
Yredelemnul accepts your kill.
No target in view!
No target in view!
No target in view!
No target in view!
No target in view!
No target in view!
As you read the scroll of enchant armour, it crumbles to dust.
Your +0 pair of boots glows green for a moment.
As you read the scroll of identify, it crumbles to dust.
z - 2 potions of attraction
As you read the scroll labelled ZAEG UDIPI, it crumbles to dust.
The creatures around you are filled with an inner flame!
It was a scroll of immolation.
You swap places.
You see here a +0 spear.
A scorpion comes into view.
You swap places.
The scorpion stings your hound zombie!
Your hound zombie explodes!
The fiery explosion engulfs your orc zombie!!!
The fiery explosion engulfs you!
The fiery explosion engulfs the scorpion!!
You kill the scorpion!
Yredelemnul accepts your kill.
Your orc zombie explodes!
The fiery explosion engulfs your centaur zombie!!!
The fiery explosion engulfs you!!
Your centaur zombie explodes!
The fiery explosion engulfs you!!
* * * LOW HITPOINT WARNING * * *
You are engulfed in blazing flames.
You die...
Your body rises from the dead as a mindless zombie.

#### ...########
..........# ....#####.#
.....####.####### ##
.#...#........... .#
.......>..##########.######
.#...#..........§§§§.......
.....########..§@)§§.#####.
##..## #.#####..# .>..# #)#
#..# ##..# #.# #....
##..#### #Z# ###''#
.......# #.## ..≈≈ ######Z#
#..# .... #.# #### #Z#


There were no monsters in sight!

Vanquished Creatures
  A centaur (D:5)
  A scorpion (D:5)
  A bullfrog skeleton (D:5)
  4 orc priests
  A centaur skeleton (D:4)
  2 hounds (D:5)
  Ijyb (D:3)
  5 orc wizards
  2 iguanas (D:5)
  6 gnolls
  8 adders
  An ufetubus (D:5)
  An adder skeleton (D:5)
  2 worms
  A dart slug (D:1)
  18 orcs
  8 bats
  4 endoplasms
  7 giant cockroaches
  4 goblins (D:1)
  6 hobgoblins
  3 jackals
  3 quokkas
  6 ball pythons
  A ball python zombie (D:1)
  A centaur zombie (D:5)
  5 frilled lizards
  A giant cockroach zombie (D:1)
  13 kobolds
  An orc zombie (D:5)
  10 rats
128 creatures vanquished.

Vanquished Creatures (collateral kills)
  A gnoll (D:5)
1 creature vanquished.

Vanquished Creatures (others)
  A hound zombie (D:5)
  An orc zombie (D:5)
  A fungus (D:2)
3 creatures vanquished.

Grand Total: 132 creatures vanquished

Notes
Turn   | Place    | Note
-------+----------+-------------------------------------------
     0 | D:1      | raph the Merfolk Gladiator began the quest for the Orb.
     0 | D:1      | Reached XP level 1. HP: 16/16 MP: 1/1
    77 | D:1      | Reached XP level 2. HP: 22/23 MP: 2/2
   271 | D:1      | Reached skill level 5 in Polearms
   694 | D:1      | Reached XP level 3. HP: 28/28 MP: 3/3
  1359 | D:2      | Found a faded altar of an unknown god.
  1492 | D:2      | Reached XP level 4. HP: 28/34 MP: 4/4
  1696 | D:2      | Reached skill level 6 in Polearms
  2291 | D:2      | Found a runed translucent door.
  2291 | D:2      | Noticed Crazy Yiuf
  2820 | D:3      | Reached skill level 5 in Dodging
  2855 | D:3      | Noticed Ijyb
  2859 | D:3      | Paralysed by Ijyb for 2 turns
  2867 | D:3      | Killed Ijyb
  2868 | D:3      | Reached XP level 5. HP: 40/41 MP: 5/5
  3527 | D:4      | Found a staircase to the Ecumenical Temple.
  3605 | D:4      | Reached skill level 7 in Polearms
  3835 | Temple   | Entered the Ecumenical Temple
  3947 | Temple   | Became a worshipper of Yredelemnul the Dark
  4057 | D:3      | Reached skill level 8 in Polearms
  4057 | D:3      | Reached XP level 6. HP: 25/47 MP: 6/6
  4884 | D:3      | Reached skill level 9 in Polearms
  5385 | D:4      | Reached XP level 7. HP: 52/52 MP: 7/7
  5388 | D:4      | Reached * piety under Yredelemnul
  5421 | D:4      | Reached skill level 10 in Polearms
  5654 | D:5      | Entered Level 5 of the Dungeon
  5693 | D:5      | Found an ancient bone altar of Kikubaaqudgha.
  5714 | D:5      | Found a hazy altar of Hepliaklqana.
  5965 | D:5      | Reached skill level 11 in Polearms
  6526 | D:5      | Engulfed by a cloud of flame

Illustrated notes

Levels and vault maps discovered:
D:1:      saegor_arrival_fortress, layout_basic, minmay_3d_cube
D:2:      layout_loops_ring, ebering_ecumenical_altar_sacrificial,
          dk_noncrumbling_3, minmay_fractal_squares_5, uniq_crazy_yiuf_cottage
D:3:      layout_loops_ring, uniq_ijyb
D:4:      layout_cave_pools, minmay_temple_entry_offerings
D:5:      layout_loops_ring, lemuel_round_altar,
          nicolae_kikubaaqudgha_miasma_corner, hangedman_decor_points,
          kennysheep_big_empty_room, nrook_uturn
Temple:   nicolae_temple_great_sept

Skill      XL: |  1  2  3  4  5  6  7 |
---------------+----------------------+-----
Polearms       | 5 6 8 9 11 | 11.9
Fighting       | 3 |  3.3
Dodging        | 5 |  5.1
Throwing       | |  2.0

Action                   |  1- 3 |  4- 6 |  7- 9 || total
-------------------------+-------+-------+-------++-------
Melee: Trident           |   130 |    79 |       ||   209
       Glaive            |       |   110 |    61 ||   171
Throw: Boomerang         |       |     4 |     9 ||    13
Invok: Animate Remains   |       |       |     4 ||     4
  Use: Scroll            |       |    10 |     3 ||    13
       Potion            |       |     1 |       ||     1
 Stab: Sleeping          |       |       |     1 ||     1
Armor: Leather armour    |    18 |    21 |    17 ||    56
       Chain mail        |    25 |    77 |       ||   102
Dodge: Dodged            |    52 |   106 |    43 ||   201
